 Dungeon Crawl Stone Soup version 0.13-a0-2557-g7ea0453 (webtiles) character file.

73743 JacquesDerrida the Aerator (level 14, -3/93 HPs)
             Began as a Demigod Air Elementalist on July 29, 2013.
             Slain by an orc
             ... wielding a +3,+3 orcish war axe
              (11 damage)
             ... on Level 3 of the Orcish Mines on July 30, 2013.
             The game lasted 02:30:06 (34271 turns).

JacquesDerrida the Aerator (DgAE)                  Turns: 34271, Time: 02:30:06

HP  -3/93        AC 15     Str 12      XL: 14   Next: 57%
MP   6/34        EV 11     Int 29      God:
Gold 1578        SH  0     Dex 19      Spells:  8 memorised, 11 levels left

Res.Fire  : + . .   See Invis. : .   a - +3,+2 mace (protect)
Res.Cold  : + . .   Warding    : .   B - +2 orc leather armour {rF+}
Life Prot.: . . .   Conserve   : .   (no shield)
Res.Poison: .       Res.Corr.  : .   f - +2 wizard hat
Res.Elec. : .       Clarity    : .   l - +0 cloak
Sust.Abil.: . .     Spirit.Shd : .   H - +0 pair of gloves
Res.Mut.  : .       Stasis     : .   x - +0 pair of boots
Res.Rott. : .       Flight     : .   L - cursed amulet of the gourmand
Gourmand  : +                        I - ring of protection from cold
                                     k - +3 ring of intelligence

@: somewhat resistant to hostile enchantments, fairly stealthy
A: no striking features
a: no special abilities


You were on level 3 of the Orcish Mines.
You were not hungry.

You visited 3 branches of the dungeon, and saw 23 of its levels.

You collected 1918 gold pieces.
You spent 360 gold pieces at shops.

Inventory:

Hand weapons
 a - a +3,+2 mace of protection (weapon)
Armour
 f - a +2 wizard hat (worn)
 l - a +0 cloak (worn)
 x - a +0 pair of boots (worn)
 z - a +0 fire dragon hide
 B - a +2 orcish leather armour of fire resistance (worn)
 H - a +0 pair of gloves (worn)
Magical devices
 d - a wand of paralysis (13) {unknown}
 g - a wand of teleportation (6)
 u - a wand of draining (0)
 Y - a wand of fire (0)
 Z - a wand of digging (0)
Comestibles
 c - 4 bread rations
 A - a choko
 E - an apple
Scrolls
 e - a scroll of recharging {unknown}
 p - 3 scrolls of teleportation
 r - a scroll of fog
 N - 4 scrolls of magic mapping
 W - 4 scrolls of remove curse
Jewellery
 b - an uncursed ring of see invisible
 i - an uncursed ring of protection from magic
 k - a +3 ring of intelligence (left hand)
 m - an uncursed ring of teleport control
 q - an uncursed ring of protection from cold
 s - an uncursed ring of sustain abilities
 t - the ring of Atogrecu {Fire Str+5 Int+1}
   (You found it on level 11 of the Dungeon)

   [ring of fire]

   It affects your strength (+5).
   It affects your intelligence (+1).
 v - an uncursed amulet of resist corrosion {unknown}
 w - a cursed amulet of guardian spirit {unknown}
 I - a ring of protection from cold (right hand)
 L - a cursed amulet of the gourmand (around neck)
Potions
 h - 4 potions of curing
 n - 3 potions of restore abilities
 o - 2 potions of resistance
 D - a potion of cure mutation
 R - 2 potions of might
Magical staves
 C - an uncursed staff of cold
Miscellaneous
 j - a fan of gales (inert)
 y - a stone of tremors
 X - a box of beasts


   Skills:
 - Level 1.7 Dodging
 - Level 1.7 Stealth
 + Level 11.3 Spellcasting
 + Level 12.1 Conjurations
 - Level 9.1 Ice Magic
 - Level 15.0 Air Magic


You had 11 spell levels left.
You knew the following spells:

 Your Spells              Type           Power        Failure   Level  Hunger
a - Shock                 Conj/Air       ####         0%          1    None
b - Repel Missiles        Chrm/Air       ######....   1%          2    None
c - Swiftness             Chrm/Air       ######....   1%          2    None
d - Static Discharge      Conj/Air       #######.     1%          3    None
e - Flight                Chrm/Air       ######....   1%          3    None
f - Lightning Bolt        Conj/Air       #######...   1%          5    ##.....
g - Sublimation of Blood  Necr           ###.......   6%          2    None
h - Freezing Cloud        Conj/Ice/Air   ######....   4%          6    #####..


Dungeon Overview and Level Annotations

Branches:
Dungeon (11/27)            Temple (0/1) D:4             Orc (4/4) D:9
    Elf (0/3) Orc:4          Lair (8/8) D:10         Shoals (0/5) Lair:6
 Spider (0/5) Lair:4        Slime (0/6) Lair:6

Shops:
D:7: ( D:8: = D:9: *

Annotations
D:9 exclusion: orange crystal statue


Message History

* * * LOW HITPOINT WARNING * * *
You see here an orcish hand axe.
The orc warlord roars a battle-cry!
The orc warrior goes into a battle-frenzy!
The orc warrior hits you from afar with an orcish trident!
* * * LOW HITPOINT WARNING * * *
You see here an orcish leather armour.
The orc warrior barely misses you.
Items here: ))) [[[ The orc warrior hits you from afar with an orcish trident!
* * * LOW HITPOINT WARNING * * *
There is a stone staircase leading up here.
Things that are here:
an orcish chain mail; an orcish falchion You climb upwards.
The orc shouts! 3 orcs and an orc warrior come into view.
The orc warrior shouts!
The orc shouts!
The orc shouts!
The orc hits you with a glowing orcish war axe!
You die...

###### #.......#######......
####.##.####.....###...##......
##.#......#........#.....#.._...
##...#....#......o.#.....##......
#...##.......##....#...#..#......
#...#........o#...............##.
##.###...[....o.............)####
.....##........o...)..........#..
.....))#.#......@<......##.......
.#.....................###......#
###..#)#........o.......#.......#
#)..#.#..#.......#<....#.....##
##.#...#........#............##
##...........................#
##...........................
###.......#..#.............#
##.#.........#.........#.#...


You could see an orc warrior and 4 orcs.

Vanquished Creatures
  Gastronok (Lair:2)
  6 dire elephants (Lair:8)
  A dragon (D:11)
  9 hydras
  An anaconda (Lair:8)
  Erica (Lair:4)
  9 death yaks
  A polymoth (Lair:7)
  4 orc high priests (Orc:4)
  2 catoblepae
  A centaur warrior (D:11)
  An unseen horror (D:11)
  A hill giant (D:11)
  2 orc knights (Orc:4)
  Joseph (D:8)
  4 orc sorcerers (Orc:4)
  2 griffons
  19 elephants
  Maurice (D:8)
  4 black mambas
  10 spiny frogs
  A smoke demon (Orc:4)
  An orange demon (Orc:4)
  Psyche (D:10)
  5 komodo dragons
  A fire drake (Lair:8)
  5 trolls
  22 blink frogs
  A two-headed ogre (D:10)
  A boulder beetle (Lair:8)
  3 basilisks
  A trapdoor spider (D:11)
  A wraith (D:10)
  An elephant slug (Lair:8)
  13 wolves
  6 hippogriffs
  A vampire mosquito (D:11)
  2 sharks (Lair:6)
  24 yaks
  Grum (D:8)
  A hill giant skeleton (D:5)
  4 hungry ghosts
  Menkaure (D:6)
  10 porcupines
  2 manticores (D:11)
  A phantom (D:9)
  3 sky beasts
  24 orc warriors
  A yellow wasp (Lair:4)
  A dwarf (shapeshifter) (D:6)
  A giant goldfish (D:9)
  10 ogres
  7 centaurs
  5 ice beasts
  18 crocodiles
  2 wargs
  A big kobold (D:11)
  11 giant slugs
  12 giant frogs
  2 cyclops zombies (D:11)
  3 gnoll sergeants (D:9)
  13 agate snails
  17 water moccasins
  A komodo dragon skeleton (D:11)
  A cyclops skeleton (D:7)
  9 killer bees
  A troll skeleton (D:11)
  An electric eel (D:9)
  5 wights
  6 crimson imps
  3 centaur zombies
  A centaur skeleton (D:11)
  3 gnoll shamans (D:9)
  4 goliath beetles
  A giant frog skeleton (D:6)
  17 orc priests
  10 hounds
  4 scorpions
  42 orc wizards
  8 iguanas
  A water moccasin skeleton (D:9)
  2 worker ants
  9 sheep
  An ogre zombie (D:8)
  7 jellies
  Terence (D:3)
  2 mummies
  39 gnolls
  16 adders
  42 green rats
  5 giant centipedes
  2 inept feature mimics (D:9)
  2 giant mites
  7 worms
  An adder skeleton (D:5)
  A giant eyeball (D:8)
  8 giant geckos
  5 oozes (D:9)
  122 orcs
  20 bats
  A bat skeleton (D:5)
  6 giant cockroaches
  18 goblins
  14 hobgoblins
  47 jackals
  21 kobolds
  8 quokkas
  A chimera (Orc:4)
  5 giant newts
  A goblin skeleton (D:5)
  2 orc skeletons
  21 rats
  2 bushes (Lair:8)
  23 fungi
  26 plants
928 creatures vanquished.

Vanquished Creatures (others)
  An agate snail (Lair:6)
  An orc wizard (Orc:4)
  A chimera (Lair:8)
  A goblin (Orc:4)
  A bush (Lair:5)
  8 fungi
  7 plants
20 creatures vanquished.

Grand Total: 948 creatures vanquished

Notes
Turn   | Place    | Note
--------------------------------------------------------------
     0 | D:1      | JacquesDerrida, the Demigod Air Elementalist, began the quest for the Orb.
     0 | D:1      | Reached XP level 1. HP: 14/14 MP: 5/5
    21 | D:1      | Reached skill level 1 in Conjurations
   321 | D:1      | Reached XP level 2. HP: 20/20 MP: 4/6
   872 | D:2      | Learned a level 2 spell: Repel Missiles
   875 | D:2      | Learned a level 2 spell: Swiftness
  1342 | D:2      | Reached XP level 3. HP: 26/26 MP: 7/9
  1678 | D:3      | Noticed Terence
  1703 | D:3      | Killed Terence
  2048 | D:3      | Noticed an ogre
  2058 | D:3      | Killed an ogre
  2058 | D:3      | Reached skill level 3 in Spellcasting
  2058 | D:3      | Reached XP level 4. HP: 33/33 MP: 1/13
  2171 | D:3      | Reached XP level 5. HP: 38/38 MP: 12/15
  2966 | D:4      | Found a deep blue altar of Sif Muna.
  3088 | D:4      | Reached skill level 4 in Spellcasting
  3214 | D:4      | Found a burning altar of Makhleb.
  3284 | D:4      | Reached XP level 6. HP: 43/45 MP: 15/18
  3339 | D:4      | Learned a level 3 spell: Static Discharge
  3703 | D:4      | Noticed an ogre
  3713 | D:4      | Killed an ogre
  3733 | D:4      | Found a staircase to the Ecumenical Temple.
  3772 | D:4      | Found a burning altar of Makhleb.
  3847 | D:4      | Reached skill level 5 in Spellcasting
  3858 | D:4      | Learned a level 3 spell: Flight
  3861 | D:4      | Identified Sif Muna's Grimoire of Talismans
  4021 | D:4      | Reached XP level 7. HP: 50/50 MP: 15/21
  4069 | D:5      | Entered Level 5 of the Dungeon
  4632 | D:5      | Gained mutation: You are frail (-10% HP). [potion of mutation]
  4632 | D:5      | Gained mutation: You have a somewhat thin skeletal structure (Dex +2, Stlth). [potion of mutation]
  4632 | D:5      | Lost mutation: You are frail (-10% HP). [potion of mutation]
  4947 | D:5      | Found a sparkling altar of Nemelex Xobeh.
  5114 | D:5      | Reached skill level 5 in Conjurations
  5114 | D:5      | Reached skill level 5 in Air Magic
  5229 | D:6      | Found a shimmering altar of Xom.
  5236 | D:6      | Found a white marble altar of Elyvilon.
  5285 | D:6      | Reached XP level 8. HP: 54/57 MP: 15/22
  5447 | D:6      | Learned a level 5 spell: Lightning Bolt
  5593 | D:6      | Found a shimmering altar of Xom.
  5631 | D:6      | Found a blossoming altar of Fedhas.
  5692 | D:6      | Reached skill level 6 in Conjurations
  5834 | D:6      | Noticed Menkaure
  5838 | D:6      | Killed Menkaure
  6005 | D:7      | Found Zatwoitu's Weapon Shop.
  6322 | D:7      | Reached skill level 7 in Conjurations
  6450 | D:7      | Found a white marble altar of Elyvilon.
  6546 | D:7      | Reached XP level 9. HP: 55/62 MP: 19/24
  6770 | D:8      | Noticed Maurice
  7251 | D:8      | Paralysed by a giant eyeball for 2 turns
  7461 | D:8      | Killed Maurice
  7461 | D:8      | Reached skill level 8 in Conjurations
  7704 | D:8      | Noticed Joseph
  7722 | D:8      | Killed Joseph
  7723 | D:8      | Found Kleiduna's Jewellery Shop.
  7729 | D:8      | Bought an uncursed amulet of the gourmand for 360 gold pieces
  7905 | D:8      | Noticed Grum
  7933 | D:8      | Waterpls: добрый
  7935 | D:8      | JacquesDerrida: Ола!
  7935 | D:8      | JacquesDerrida: Хе-хе
  7937 | D:8      | Killed Grum
  8033 | D:8      | Reached skill level 9 in Conjurations
  8328 | D:8      | Found a bloodstained altar of Trog.
  8823 | D:9      | Reached XP level 10. HP: 58/69 MP: 15/25
  8973 | D:9      | Learned a level 2 spell: Sublimation of Blood
  9114 | D:9      | Waterpls: *и тут я понял что он играет унылым демигодом*
  9115 | D:9      | JacquesDerrida: )))
  9115 | D:9      | JacquesDerrida: Ну как...
  9115 | D:9      | JacquesDerrida: Покориться судьбе
  9115 | D:9      | JacquesDerrida: Уповать на удачу
  9115 | D:9      | JacquesDerrida: D: D: D:
  9115 | D:9      | JacquesDerrida: Da
  9115 | D:9      | JacquesDerrida: Unylym
  9115 | D:9      | JacquesDerrida: D:
  9989 | D:9      | JacquesDerrida: Oh site
  9989 | D:9      | JacquesDerrida: shiiite
 10006 | D:9      | JacquesDerrida: Ну неплохие сокровища
 10006 | D:9      | JacquesDerrida: Еще бы палку
 10010 | D:9      | Found a staircase to the Orcish Mines.
 10016 | D:9      | Found Safyps' Magical Wand Boutique.
 10027 | D:9      | Safyps' Magical Wand Boutique was a mimic.
 10098 | D:9      | Found Guwnof's General Store.
 10626 | D:10     | Entered Level 10 of the Dungeon
 11939 | D:10     | Reached skill level 10 in Air Magic
 12077 | D:10     | Found a staircase to the Lair.
 12206 | D:10     | Noticed Psyche
 12218 | D:10     | Killed Psyche
 12218 | D:10     | Reached skill level 10 in Conjurations
 12218 | D:10     | Reached XP level 11. HP: 62/74 MP: 17/29
 12352 | Lair:1   | Entered Level 1 of the Lair of Beasts
 12813 | Lair:1   | Found a glowing golden altar of the Shining One.
 13435 | Lair:1   | Learned a level 6 spell: Freezing Cloud
 13854 | Lair:1   | Reached skill level 1 in Ice Magic
 13954 | Lair:1   | Waterpls: г-ди какие же они толстые
 13954 | Lair:1   | Waterpls: 74 хп на 11
 13954 | Lair:1   | JacquesDerrida: Без файтенка!
 13954 | Lair:1   | JacquesDerrida: Нормально
 13954 | Lair:1   | JacquesDerrida: В самый раз
 13954 | Lair:1   | JacquesDerrida: Можно суицидально поторнадировать!
 14078 | Lair:1   | Waterpls: торнадо это старомодно
 14112 | Lair:1   | JacquesDerrida: Класека!
 14142 | Lair:1   | JacquesDerrida: Вообще чеин лайтнинг хочется
 14142 | Lair:1   | Waterpls: в этом сезоне принято зажигать с диском штормов
 14142 | Lair:1   | JacquesDerrida: С релеком
 14142 | Lair:1   | JacquesDerrida: Я зажигал еще до моды
 14142 | Lair:1   | JacquesDerrida: Хе-хе
 14142 | Lair:1   | JacquesDerrida: Устарело!
 14142 | Lair:1   | JacquesDerrida: D:
 14238 | Lair:1   | Waterpls: теперь можно и с рэлеком
 14242 | Lair:1   | JacquesDerrida: На Д9 очень хорошее место
 14242 | Lair:1   | JacquesDerrida: Оранжевая статуя
 14242 | Lair:1   | JacquesDerrida: И миллион кусков сокровищ
 14242 | Lair:1   | JacquesDerrida: Хатет
 14282 | Lair:1   | Waterpls: дизентеграция нужна
 14286 | Lair:1   | JacquesDerrida: Da
 14286 | Lair:1   | JacquesDerrida: Или диг
 14286 | Lair:1   | JacquesDerrida: И облачки
 14404 | Lair:2   | JacquesDerrida: Чет статик не отнимает у героя нифига
 14404 | Lair:2   | JacquesDerrida: А вот врагов на тряпочки режет
 14437 | Lair:2   | Waterpls: он теперь и летающих бьет
 14527 | Lair:2   | Identified a scroll of acquirement
 14527 | Lair:2   | JacquesDerrida: ФУД
 14527 | Lair:2   | JacquesDerrida: ЖРАТ
 14530 | Lair:2   | Got a warped scale mail
 14532 | Lair:2   | Identified the +0 scale mail "Ane Fys" {Stlth+} (You acquired it on level 2 of the Lair of Beasts)
 14533 | Lair:2   | JacquesDerrida: fak yu
 14558 | Lair:2   | JacquesDerrida: Убийства мискастами
 14568 | Lair:2   | Waterpls: лол
 14570 | Lair:2   | Waterpls: я думал ты на себя поставил пойзон
 14572 | Lair:2   | JacquesDerrida: Это тоже дело хорошее
 14572 | Lair:2   | JacquesDerrida: Демигодом хорошо штормы на себя бросать
 14572 | Lair:2   | JacquesDerrida: Не больно
 15446 | Lair:2   | Reached skill level 5 in Ice Magic
 15845 | Lair:2   | Noticed Gastronok
 16034 | Lair:2   | Killed Gastronok
 16626 | Lair:3   | Reached XP level 12. HP: 59/81 MP: 22/31
 16727 | Lair:3   | Paralysed by a potion of paralysis for 3 turns
 17630 | Lair:3   | Noticed a seven-headed hydra
 17741 | Lair:3   | Killed a seven-headed hydra
 17941 | Lair:3   | Noticed a seven-headed hydra
 17953 | Lair:3   | Killed a seven-headed hydra
 18456 | Lair:4   | Found a hole to the Spider Nest.
 18762 | Lair:4   | Reached skill level 11 in Air Magic
 18798 | Lair:4   | Noticed Erica
 18805 | Lair:4   | Killed Erica
 19444 | Lair:4   | Noticed a four-headed hydra
 19489 | Lair:4   | Killed a four-headed hydra
 19934 | Lair:5   | Found an iron altar of Okawaru.
 19946 | Lair:5   | Reached skill level 12 in Air Magic
 20638 | Lair:5   | Reached XP level 13. HP: 70/86 MP: 7/32
 21295 | Lair:6   | Found a staircase to the Shoals.
 21927 | Lair:6   | Found a staircase to the Slime Pits.
 23054 | Lair:6   | Reached skill level 13 in Air Magic
 25224 | Lair:8   | Entered Level 8 of the Lair of Beasts
 26174 | Lair:8   | Reached skill level 14 in Air Magic
 26291 | Lair:8   | Reached skill level 10 in Spellcasting
 26712 | Lair:8   | Lost mutation: You have a somewhat thin skeletal structure (Dex +2, Stlth). [potion of cure mutation]
 28114 | Lair:8   | Reached XP level 14. HP: 93/93 MP: 9/33
 28317 | Lair:8   | Reached skill level 15 in Air Magic
 29995 | D:11     | Got a shimmering amber ring
 29996 | D:11     | Identified the ring of Atogrecu {Fire Str+5 Int+1} (You found it on level 11 of the Dungeon)
 31154 | Orc:1    | Entered Level 1 of the Orcish Mines
 31552 | Orc:3    | Found a roughly hewn altar of Beogh.
 31761 | Orc:4    | Entered Level 4 of the Orcish Mines
 31991 | Orc:4    | Found a staircase to the Elven Halls.
 32936 | Orc:4    | Noticed an orc warlord
 32948 | Orc:4    | HP: 4/93 [red devil/trident[an orc high priest] (9)]
 34271 | Orc:3    | Slain by an orc

Action                   |  1- 3 |  4- 6 |  7- 9 | 10-12 | 13-15 || total
-------------------------+-------+-------+-------+-------+-------++-------
Melee: Mace              |    24 |    67 |    79 |   176 |    75 ||   421
       Unarmed           |     1 |       |       |     1 |       ||     2
       Spear             |       |       |     5 |       |       ||     5
 Cast: Shock             |    77 |   129 |   390 |   808 |   600 ||  2004
       Swiftness         |     1 |       |     5 |     6 |    26 ||    38
       Flight            |       |     1 |       |     1 |     1 ||     3
       Static Discharge  |       |       |    28 |   256 |    97 ||   381
       Repel Missiles    |       |       |     1 |     5 |     9 ||    15
       Sublimation of Bl |       |       |       |    41 |    22 ||    63
       Lightning Bolt    |       |       |       |    10 |    26 ||    36
       Freezing Cloud    |       |       |       |    33 |   144 ||   177
 Abil: Evoke Teleport Co |       |       |       |       |     1 ||     1
Evoke: Wand              |       |       |    11 |     7 |    23 ||    41
       Miscellaneous     |       |       |       |       |     3 ||     3
  Use: Scroll            |       |       |    19 |    10 |     9 ||    38
       Potion            |       |       |     2 |     7 |     6 ||    15
 Stab: Sleeping          |     1 |     2 |     1 |     1 |       ||     5
       Distracted        |       |       |       |     1 |       ||     1
